 Dungeon Crawl Stone Soup version 0.29.1-2-gbd0b4ee654 (webtiles) character file.

Game seed: 7601963827898808805

43 qeuew the Sneak (level 3, -5/18 HPs)
             Began as a Spriggan Brigand on Nov 17, 2022.
             Slain by Natasha (6 damage)
             ... on level 2 of the Dungeon.
             The game lasted 00:01:36 (1069 turns).

qeuew the Sneak (Spriggan Brigand)                  Turns: 1069, Time: 00:01:36

Health: -5/18      AC:  3    Str:  7    XL:     3   Next: 37%
Magic:  4/4        EV: 14    Int: 12    God:
Gold:   874        SH:  0    Dex: 18    Spells: 2/2 levels left

rFire   . . .      SeeInvis +   a - +2 dagger
rCold   + . .      Faith    .   (no shield)
rNeg    . . .      Spirit   .   b - +0 robe
rPois   .          Reflect  .   (helmet restricted)
rElec   .          Harm     .   c - +0 cloak
rCorr   .          Rampage  .   (gloves unavailable)
Will    .....                   (boots unavailable)
Stlth   ++++......              (no amulet)
HPRegen 0.06/turn               g - ring of protection from cold
MPRegen 0.09/turn               (no ring)

@: mighty, constricted, very quick
A: very small, no large weapons, unfitting armour, see invisible, speed 3
a: no special abilities


You were on level 2 of the Dungeon.
You visited 1 branch of the dungeon, and saw 2 of its levels.

You collected 874 gold pieces.

Inventory:

Hand Weapons
 a - a +2 dagger (weapon)
Missiles
 d - 14 poisoned darts (quivered)
 e - 3 curare-tipped darts
Armour
 b - a +0 robe (worn)
 c - a +0 cloak (worn)
Jewellery
 g - a ring of protection from cold (left hand)
Scrolls
 h - a scroll of butterflies {unknown}
 i - a scroll of identify {unknown}
 k - a scroll of teleportation


   Skills:
 - Level 1.5 Fighting
 + Level 2.7 Short Blades
 + Level 2.4 Throwing
 + Level 2.2 Dodging
 * Level 6.7 Stealth


You had 2 spell levels left.
You didn't know any spells.
Your spell library contained the following spells:

 Spells                   Type           Power      Damage    Failure   Level
 Apportation              Tloc           0%         N/A       32%         1
 Necrotise                Necr           0%         1d4       32%         1
 Summon Small Mammal      Summ           0%         N/A       32%         1


Dungeon Overview and Level Annotations

Branches:
Dungeon (2/15)

Altars:
Cheibriados

Shops:
D:1 [

Annotations:
D:2 Natasha


Innate Abilities, Weirdness & Mutations

You are very small and have problems with some larger weapons.
You are too small for most types of armour.
You have supernaturally acute eyesight. (SInv)
You cover ground extremely quickly. (Speed+++)


Message History

You hit the ball python.
The ball python is severely wounded.
The ball python barely misses you. The ball python constricts you.
Natasha stares at you and mumbles some strange words.
The magic dart hits you.
You are too injured to fight recklessly!
You are too injured to fight recklessly!
You are too injured to fight recklessly!
You are too injured to fight recklessly!
You are too injured to fight recklessly!
You are too injured to fight recklessly!
You are too injured to fight recklessly!
You are too injured to fight recklessly!
You are too injured to fight recklessly!
You are too injured to fight recklessly!
You are too injured to fight recklessly!
You are too injured to fight recklessly!
You closely miss Natasha.
Natasha is lightly wounded.
The white imp hits the plant.
The plant begins to die.
The white imp freezes the plant.
The ball python closely misses you. The ball python constricts you.
Natasha claws you.
* * * LOW HITPOINT WARNING * * *
Unknown command.
You closely miss Natasha.
Natasha is lightly wounded.
The white imp hits the plant.
The white imp freezes the plant.
The ball python closely misses you. The ball python constricts you.
* * * LOW HITPOINT WARNING * * *
Unknown command.
You miss Natasha.
Natasha is lightly wounded.
Natasha misses you. The ball python closely misses you.
The ball python constricts you.
* * * LOW HITPOINT WARNING * * *
The white imp completely misses the plant.
Unknown command.
You feel very mighty all of a sudden. Natasha claws you.
You die...

#...P... #...~P.###
#~.P⌠⌠...# #...⌠⌠P..
######### #......###
#.......# ##..P~..._#
#.......# #...h5..#
#.......#####..@####~
#.............##S.[..~.
#.......#.##†....P.PP..
#....)..#.........#.#.#
#.....................
####...#######.#...###.#
#.....!...# #.##.## #
#.........# #.. ...
#.?.......# ####.###


You could see Natasha, a white imp (summoned) and a ball python.

Vanquished Creatures
  Jessica (D:2)
  A ball python (D:2)
  An endoplasm (D:2)
  3 giant cockroaches
  2 goblins (D:1)
  A hobgoblin (D:2)
  A quokka (D:2)
  3 bats (D:2)
  3 rats (D:1)
16 creatures vanquished.

Vanquished Creatures (others)
  5 fungi (D:2)
  3 plants (D:2)
8 creatures vanquished.

Grand Total: 24 creatures vanquished

Notes
Turn   | Place    | Note
-------+----------+-------------------------------------------
     0 | D:1      | qeuew the Spriggan Brigand began the quest for the Orb.
     0 | D:1      | Reached XP level 1. HP: 10/10 MP: 2/2
    16 | D:1      | Found Notin's Antique Armour Boutique.
   409 | D:1      | Reached skill level 6 in Stealth
   680 | D:1      | Identified a scroll of acquirement
   680 | D:1      | Acquired 824 gold pieces
   803 | D:2      | Reached XP level 2. HP: 14/14 MP: 3/3
   852 | D:2      | Found a snail-covered altar of Cheibriados.
   918 | D:2      | Noticed Jessica
   928 | D:2      | Killed Jessica
   929 | D:2      | Reached XP level 3. HP: 9/18 MP: 4/4
  1056 | D:2      | Noticed Natasha
  1059 | D:2      | Found a faded altar of an unknown god.
  1069 | D:2      | Slain by Natasha

Illustrated notes

Levels and vault maps discovered:
D:1:      amcnicky_arrival_wind_blow, layout_basic, serial_shops,
          nicolae_shop_hallway_plus
D:2:      layout_loops_corners, shapermc_ecumenical_altar_mp_ritualfount,
          basic_altar, nicolae_elevator_lobby_plus, uniq_natasha, uniq_jessica

Skill      XL: |  1  2 |
---------------+-------+-----
Stealth        | 6 |  6.7
Dodging        | 2 |  2.2
Fighting       | |  1.5
Short Blades   | |  2.7
Throwing       | |  2.4

Action                   || total
-------------------------++-------
Melee: Dagger            ||    47
  Use: Potion            ||     5
       Scroll            ||     4
 Stab: Sleeping          ||     6
Armor: Robe              ||     4
Dodge: Dodged            ||    29
